 Dungeon Crawl Stone Soup version 0.27-a0-1308-gc08437e49b (webtiles) character file.

Game seed: 12281434586744127950

3115 freelancePsychic the Changer (level 9, -7/60 HPs)
             Began as a Demonspawn Artificer on June 18, 2021.
             Was an Initiate of Makhleb.
             Mangled by Gastronok (39 damage)
             ... on level 8 of the Dungeon.
             The game lasted 00:16:05 (12275 turns).

freelancePsychic the Changer (DsAr)                Turns: 12275, Time: 00:16:06

Health: -7/60      AC:  2    Str: 21    XL:     9   Next: 60%
Magic:  5/9        EV: 21    Int: 14    God:    Makhleb [......]
Gold:   374        SH:  0    Dex: 18    Spells: 1/8 levels left

rFire    . . .     SeeInvis .     - Unarmed
rCold    . . .     Faith    .   (shield currently unavailable)
rNeg     . . .     Spirit   .   (armour currently unavailable)
rPois    x         Reflect  .   (helmet currently unavailable)
rElec    .         Harm     .   (cloak currently unavailable)
rCorr    .         Rampage  .   (gloves unavailable)
Will     .....                  (boots currently unavailable)
Stlth    ++........             (no amulet)
HPRegen  0.20/turn              h - +6 ring of strength
MPRegen  0.11/turn              (no ring)

@: spider-form
A: venomous fangs, tiny, (antennae 2), (claws 3), (hooves 2), ignite blood 1
a: End Transformation, Renounce Religion


You were on level 8 of the Dungeon.
You worshipped Makhleb.
Makhleb was noncommittal.
You were a venomous arachnid creature.
You visited 1 branch of the dungeon, and saw 8 of its levels.

You collected 374 gold pieces.

Inventory:

Hand Weapons
 a - a +3 hunting sling
 j - a +2 whip of venom
 n - a +0 club
Missiles
 f - 18 poisoned darts
 o - 195 stones
Armour
 b - a +0 leather armour (melded)
 g - a +0 cloak (melded)
 q - a +0 tower shield
Jewellery
 h - a +6 ring of strength (left front leg)
Wands
 d - a wand of charming (10)
 r - a wand of paralysis (9) (quivered)
 t - a wand of iceblast (16)
 A - a wand of digging (9)
 C - a wand of acid (8)
Scrolls
 i - a scroll of enchant armour {unknown}
 k - a scroll of fear
 l - a scroll of amnesia
 s - a scroll of blinking {unknown}
 u - 2 scrolls of teleportation {unknown}
 w - 2 scrolls of magic mapping {unknown}
 x - a scroll of acquirement {unknown}
 y - a scroll of identify {@r1}
 B - 2 scrolls of fog {unknown}
 D - a scroll of brand weapon {unknown}
Potions
 c - a potion of curing {unknown}
 m - 2 potions of might
 p - 3 potions of attraction
 v - a potion of brilliance {unknown}
 z - a potion of heal wounds {@q2}
 E - a potion of haste {unknown}
Miscellaneous
 e - a piece from Xom's chessboard (15/15)


   Skills:
 - Level 1.6 Fighting
 - Level 0.9(1.8) Slings
 - Level 2.4(2.5) Throwing
 - Level 1.7 Armour
 * Level 4.3 Dodging
 - Level 0.8 Stealth
 - Level 4.0 Shields
 - Level 5.8 Unarmed Combat
 * Level 6.0 Transmutations
 * Level 4.5 Ice Magic
 - Level 2.3 Poison Magic
 - Level 3.1 Evocations


You had one spell level left.
You knew the following spells:

 Your Spells              Type           Power      Damage    Failure   Level
a - Spider Form           Tmut/Pois      5%         N/A       34%         3
b - Ice Form              Ice/Tmut       14%        N/A       54%         4

Your spell library contained the following spells:

 Spells                   Type           Power      Damage    Failure   Level
 Beastly Appendage        Tmut           34%        N/A       10%         1
 Magic Dart               Conj           0%         1d3       50%         1
 Wereblood                Tmut           17%        N/A       12%         2
 Searing Ray              Conj           0%         3d3       63%         2
 Dazzling Flash           Conj/Hex       0%         N/A       83%         3
 Fulminant Prism          Conj/Hex       0%         3d6       99%         4
 Iskenderun's Mystic Bla  Conj/Tloc      0%         2d3       99%         4


Dungeon Overview and Level Annotations

Branches:
Dungeon (8/15)             Temple (0/1) D:7
   Lair: D:8-11

Altars:
Ashenzari
Cheibriados
Dithmenos
Elyvilon
Kikubaaqudgha
Makhleb
Trog
Vehumet
Wu Jian
Yredelemnul
The Shining One

Annotations:
D:4 1 runed translucent door, Atlas's ghost, amateur DsIE
D:5 Prince Ribbit
D:8 Gastronok


Innate Abilities, Weirdness & Mutations

You are a venomous arachnid creature.
You have poisonous fangs.
You are tiny and dextrous.
Your spellcasting is less reliable in this form.
Your armour is entirely melded.
You are incapable of wielding weapons or throwing items.
((You have a pair of antennae on your head.))
((You have claws for hands.))
((You have hoof-like feet.))
Your demonic aura sometimes causes spilled blood to erupt in flames.


Message History

You claw the orc!
You kill the orc!
Makhleb accepts your kill.
Magic restored.
Items here: ))) [[.
You now have 374 gold pieces (gained 12).
Gastronok the Ponderous comes into view.
Gastronok gurgles horribly!
Gastronok wobbles crazily.
Aiming: Paralyse
Press: ? - help, Q - select action, (/) - cycle Shift-Dir - straight line, f - Gastronok
Aim: Gastronok, wearing a +1 hat (chance to affect: 10%)
Okay, then.
Casting: Spider Form (dangerous; 19% risk of failure)
Confirm with . or Enter, or press ? or * to list all spells.
You turn into a venomous arachnid creature.
Your +0 cloak melds into your body.
Your +0 leather armour melds into your body.
You start resting.
Your transformation is almost over.
Casting: Spider Form (dangerous; 34% risk of failure)
Confirm with . or Enter, or press ? or * to list all spells.
You extend your transformation's duration.
You start resting.
Gastronok is nearby!
A bullfrog comes into view.
Gastronok bites you!!
The bullfrog croaks.
You hit Gastronok.
Gastronok is poisoned.
Gastronok is lightly wounded.
You hit Gastronok.
Gastronok looks as sick as possible!
Gastronok is lightly wounded.
Gastronok closely misses you.
You bite Gastronok!
Gastronok looks as sick as possible!
Gastronok is lightly wounded.
You bite Gastronok!
Gastronok is lightly wounded.
Gastronok bites you!!!
Ouch! That really hurt!
You die...

#..# ######..# #
#.......# #.
#.#####.# #.# #.#
#.# ... #.# #.#
#####.######.# #.#
...........#.# #.#
w.........Fs.#####.#
#####.####w........#
# ###########


You could see Gastronok (extremely poisoned) and a bullfrog.

Vanquished Creatures
  Pikel (D:6)
  Grinder (D:5)
  A yak (D:8)
  2 water moccasins
  An orc warrior (D:8)
  3 black bears
  3 ice beasts
  3 ogres
  2 necrophages
  3 bullfrogs
  4 scorpions
  A water moccasin skeleton (D:6)
  A howler monkey (D:8)
  A bullfrog zombie (D:6)
  2 hounds (D:4)
  A centaur zombie (D:5)
  2 centaur skeletons
  2 iguanas (D:5)
  5 orc wizards
  7 adders
  3 gnolls (D:6)
  A white imp (D:6)
  An ufetubus (D:6)
  An adder skeleton (D:5)
  A worm (D:3)
  3 dart slugs
  8 orcs
  6 ball pythons
  4 bats
  5 endoplasms
  5 giant cockroaches
  8 goblins
  5 hobgoblins
  9 jackals
  A quokka (D:1)
  2 frilled lizards
  13 kobolds
  5 rats
127 creatures vanquished.

Vanquished Creatures (collateral kills)
  An endoplasm (D:2)
  A ball python (D:2)
2 creatures vanquished.

Vanquished Creatures (others)
  9 fungi (D:8)
  4 plants (D:8)
13 creatures vanquished.

Grand Total: 142 creatures vanquished

Notes
Turn   | Place    | Note
-------+----------+-------------------------------------------
     0 | D:1      | freelancePsychic the Demonspawn Artificer began the quest
                  | for the Orb.
     0 | D:1      | Reached XP level 1. HP: 15/15 MP: 1/1
   519 | D:1      | Gained mutation: You have sharp fingernails. [demonic
                  | ancestry]
   519 | D:1      | Reached XP level 2. HP: 21/21 MP: 2/2
   555 | D:1      | Reached skill level 1 in Throwing
  1324 | D:1      | Reached skill level 1 in Unarmed Combat
  1707 | D:2      | Gained mutation: You have large cloven feet. [demonic
                  | ancestry]
  1707 | D:2      | Reached XP level 3. HP: 8/26 MP: 3/3
  2768 | D:2      | Found a faded altar of an unknown god.
  2895 | D:2      | Gained mutation: You have a pair of small antennae on your
                  | head. [demonic ancestry]
  2895 | D:2      | Reached XP level 4. HP: 21/32 MP: 4/4
  4323 | D:4      | Gained mutation: You have very sharp fingernails. [demonic
                  | ancestry]
  4323 | D:4      | Reached XP level 5. HP: 17/37 MP: 5/5
  4550 | D:4      | Reached skill level 1 in Transmutations
  4632 | D:4      | Found a runed translucent door.
  5442 | D:4      | Noticed Atlas's ghost (amateur DsIE)
  5560 | D:5      | Entered Level 5 of the Dungeon
  5621 | D:5      | Reached skill level 1 in Shields
  5769 | D:5      | Noticed an ice beast
  5778 | D:5      | Killed an ice beast
  5779 | D:5      | Gained mutation: You have a pair of antennae on your head.
                  | [demonic ancestry]
  5779 | D:5      | Reached XP level 6. HP: 14/43 MP: 6/6
  6236 | D:5      | Reached skill level 2 in Transmutations
  6242 | D:5      | Gained mutation: You have hoof-like feet. [demonic
                  | ancestry]
  6242 | D:5      | Reached XP level 7. HP: 8/46 MP: 7/7
  6705 | D:5      | Noticed Pikel
  6711 | D:5      | Noticed Prince Ribbit
  7112 | D:5      | Noticed Grinder
  7131 | D:5      | Paralysed by Grinder for 3 turns
  7134 | D:5      | Killed Grinder
  7616 | D:5      | Reached skill level 5 in Unarmed Combat
  7994 | D:6      | Reached skill level 1 in Dodging
  7994 | D:6      | Reached skill level 3 in Transmutations
  8225 | D:6      | Learned a level 3 spell: Spider Form
  8327 | D:6      | Reached skill level 1 in Poison Magic
  8327 | D:6      | Gained mutation: You have claws for hands. [demonic
                  | ancestry]
  8327 | D:6      | Reached XP level 8. HP: 51/54 MP: 8/8
  8959 | D:6      | Reached skill level 4 in Transmutations
  8959 | D:6      | Reached skill level 1 in Ice Magic
  9516 | D:5      | Found an ornate altar of the Wu Jian Council.
  9516 | D:5      | Found a snail-covered altar of Cheibriados.
  9606 | D:6      | Found a broken altar of Ashenzari.
  9917 | D:6      | Learned a level 4 spell: Ice Form
  9938 | D:6      | Killed Pikel
 10391 | D:7      | Found a burning altar of Makhleb.
 10391 | D:7      | Found a radiant altar of Vehumet.
 10393 | D:7      | Found a shadowy altar of Dithmenos.
 10393 | D:7      | Found an ancient bone altar of Kikubaaqudgha.
 10393 | D:7      | Found a bloodstained altar of Trog.
 10394 | D:7      | Found a basalt altar of Yredelemnul.
 10413 | D:7      | Became a worshipper of Makhleb the Destroyer
 10438 | D:7      | Gained mutation: Your demonic aura sometimes causes spilled
                  | blood to erupt in flames. [demonic ancestry]
 10438 | D:7      | Reached XP level 9. HP: 54/60 MP: 9/9
 10474 | D:7      | Found a staircase to the Ecumenical Temple.
 10515 | D:7      | Reached skill level 5 in Transmutations
 11912 | D:8      | Noticed a two-headed ogre
 12029 | D:8      | Reached skill level 6 in Transmutations
 12249 | D:8      | Noticed Gastronok
 12275 | D:8      | Mangled by Gastronok

Illustrated notes

Levels and vault maps discovered:
D:1:      giann_forest_graveyard, layout_loops_ring
D:2:      layout_basic, basic_ecumenical_altar, kennysheep_path_1,
          minmay_tetromino_i2
D:3:      layout_rooms, kennysheep_doodads, kennysheep_generic_room_15
D:4:      layout_loops_ring, ebering_ghost_reflecting_pool
D:5:      layout_loops_corners, gammafunk_temple_overflow_wave,
          grunt_ministairs_1, uniq_prince_ribbit1, uniq_grinder, uniq_pikel
D:6:      layout_basic, kennysheep_little_box, tso_oasis_becter,
          minmay_parallelograms, minmay_stone_trees_small
D:7:      cheibrodos_helix_gallery, layout_basic, grunt_temple_overflow_open,
          minmay_temple_entry_junction_2, grunt_decor_resistance,
          amcnicky_mini_corridor_feature
D:8:      layout_loops_ring, grunt_lair_entry_orc_guard_hut, uniq_gastronok,
          uniq_joseph

Skill      XL: |  1  2  3  4  5  6  7  8  9 |
---------------+----------------------------+-----
Throwing       | 1 2 |  2.4
Unarmed Combat | 1 2 3 4 5 |  5.8
Transmutations | 1 2 3 4 6 |  6.0
Shields        | 2 4 |  4.0
Dodging        | 1 2 4 |  4.3
Poison Magic   | 1 2 |  2.3
Ice Magic      | 3 4 |  4.5
Fighting       | |  1.6
Slings         | |  0.9
Armour         | |  1.7
Stealth        | |  0.8
Evocations     | |  3.1

Action                   |  1- 3 |  4- 6 |  7- 9 || total
-------------------------+-------+-------+-------++-------
Melee: Club              |    20 |       |       ||    20
       Whip              |    52 |     1 |       ||    53
       Unarmed           |    89 |    15 |   178 ||   282
       Kick              |    13 |     3 |    41 ||    57
       Punch             |     1 |       |     1 ||     2
 Fire: Hunting sling     |       |   127 |       ||   127
 Cast: Spider Form       |       |       |    12 ||    12
 Abil: End Transformatio |       |       |     1 ||     1
Evoke: Wand              |    11 |     2 |    14 ||    27
  Use: Scroll            |       |     6 |       ||     6
       Potion            |       |       |     1 ||     1
 Stab: Sleeping          |     3 |       |       ||     3
       Paralysed         |       |       |     6 ||     6
Armor: Leather armour    |    59 |    21 |    29 ||   109
       Skin              |       |       |     2 ||     2
Dodge: Dodged            |   107 |    39 |    86 ||   232
Block: Tower shield      |       |    32 |    26 ||    58

Table legend: (Time is in decaauts)
 A = Elapsed time spent in this place.
 B = Non-inter-level travel time spent in this place.
 C = Inter-level travel time spent in this place.
 D = Time resting spent in this place.
 E = Time spent auto-exploring this place.
 F = Levels seen in this place.
 G = Mean time per level.
                   A        B        C        D        E       F      G
               +--------+--------+--------+--------+--------+-----+--------+
         Total |  12327 |  11981 |    346 |    934 |   9804 |   8 | 1540.9 |
       Dungeon |  12327 |  11981 |    346 |    934 |   9804 |   8 | 1540.9 |
               +--------+--------+--------+--------+--------+-----+--------+

Top non-repeatable levels by time:
     D:5: 2762 daAuts
     D:6: 2077 daAuts
     D:2: 1894 daAuts
     D:1: 1654 daAuts
     D:7: 1097 daAuts
     D:4: 1079 daAuts
     D:3: 972 daAuts
     D:8: 789 daAuts
